 Dungeon Crawl Stone Soup version 0.28-a0-612-gcfc00ec14d (webtiles) character file.

Game seed: 1699428854704751599

594 bande the Chopper (level 7, 0/44 HPs)
             Began as a Gargoyle Fighter on Oct 6, 2021.
             Slain by an ogre (23 damage)
             ... on level 4 of the Dungeon.
             The game lasted 00:05:28 (4126 turns).

bande the Chopper (Gargoyle Fighter)                Turns: 4126, Time: 00:05:29

Health: 0/44       AC: 14    Str: 20    XL:     7   Next: 39%
Magic:  7/7        EV:  7    Int:  9    God:
Gold:   233        SH:  4    Dex: 10    Spells: 6/6 levels left

rFire   . . .      SeeInvis .   a - +1 war axe (flame)
rCold   . . .      Faith    +   c - +0 buckler
rNeg    + . .      Spirit   .   g - +0 chain mail
rPois   ∞          Reflect  .   (no helmet)
rElec   +          Harm     .   (no cloak)
rCorr   .          Rampage  .   (no gloves)
Will    .....                   (no boots)
Stlth   ..........              b - amulet of faith
HPRegen 0.14/turn               (no ring)
MPRegen 0.10/turn               (no ring)

@: no status effects
A: sickness immunity, AC +4, negative energy resistance 1, electricity
resistance, torment resistance 1, petrification resistance
a: no special abilities


You were on level 4 of the Dungeon.
You visited 1 branch of the dungeon, and saw 4 of its levels.

You collected 233 gold pieces.

Inventory:

Hand Weapons
 a - a +1 war axe of flaming (weapon)
 l - a +1 flail of draining
Armour
 c - a +0 buckler (worn)
 g - a +0 chain mail (worn)
Jewellery
 b - an amulet of faith (around neck)
Wands
 d - a wand of digging (5)
Scrolls
 m - a scroll of brand weapon
Potions
 e - a potion of berserk rage {unknown}
 f - 2 potions of curing
 h - a potion of flight {unknown}
 i - a potion of ambrosia {unknown}
 j - a potion of cancellation {unknown}
 k - 2 potions of haste


   Skills:
 + Level 4.5 Fighting
 + Level 5.4 Axes
 + Level 5.0 Armour
 + Level 4.3 Shields


You had 6 spell levels left.
You didn't know any spells.
Your spell library contained the following spells:

 Spells                   Type           Power      Damage    Failure   Level
 Animate Skeleton         Necr           0%         N/A       98%         1
 Pain                     Necr           0%         1d4       98%         1
 Shock                    Conj/Air       0%         1d3       98%         1
 Swiftness                Air            0%         N/A       100%        3
 Vampiric Draining        Necr           0%         2d6       100%        3
 Airstrike                Air            0%         N/A       100%        4


Dungeon Overview and Level Annotations

Branches:
Dungeon (4/15)
 Temple: D:4-7

Altars:
Makhleb
Nemelex Xobeh


Innate Abilities, Weirdness & Mutations

You are immune to sickness and miasma.
Your stone body is resilient. (AC +4)
You are immune to poison.
You resist negative energy. (rN+)
You are resistant to electric shocks. (rElec)
You are resistant to unholy torment.
You are immune to petrification.


Message History

You slash the ball python! You burn the ball python.
You kill the ball python!
You closely miss the kobold. The kobold hits you but does no damage.
Your Armour skill increases to level 5!
You closely miss the kobold. The kobold completely misses you.
You closely miss the kobold. The kobold hits you but does no damage.
Your chain mail prevents you from hitting the kobold.
The kobold hits you but does no damage. x2
You hit the kobold. You burn the kobold.
You kill the kobold!
No target in view!
No target in view!
No target in view!
No target in view!
No target in view!
No target in view!
Found a leather armour.
You see here a +0 short sword.
You now have 233 gold pieces (gained 8).
An ogre comes into view. It is wielding a +0 giant club.
The ogre shouts!
You slash the ogre! You burn the ogre.
The ogre is moderately wounded.
The ogre barely misses you.
You barely miss the ogre.
The ogre is moderately wounded.
The ogre hits you with a +0 giant club!
You barely miss the ogre.
The ogre is moderately wounded.
The ogre hits you with a +0 giant club!
You hit the ogre. You burn the ogre.
The ogre is heavily wounded.
You block the ogre's attack.
You hit the ogre. You burn the ogre.
The ogre is heavily wounded.
You hit the ogre but do no damage.
The ogre is heavily wounded.
The ogre hits you with a +0 giant club!!
Ouch! That really hurt!
You die...

#......#......#....#....#.
#..........##.#....+....+.
#.......#...#.#....#....#.
#.......##..#.#....#....#.
#..................#....#.
#.#....####.##....########
#............+.........###
#...........##.....#......
#.......O@...+.....#......
.........###.....#......
.........# #####.#......
.........# #.#......
.........# #.###+##.
####.....# #.# #. #.....#
#. #.....# #. ##


You could see an ogre.

Vanquished Creatures
  Grinder (D:3)
  Purgy (D:3)
  An ogre (D:4)
  3 orc priests
  Terence (D:3)
  A howler monkey skeleton (D:4)
  3 adders (D:2)
  4 worms
  3 dart slugs
  7 orcs
  4 bats
  7 endoplasms
  A giant cockroach (D:2)
  2 goblins
  2 hobgoblins
  5 kobolds
  4 quokkas
  8 ball pythons
  A frilled lizard (D:2)
  4 rats
63 creatures vanquished.

Notes
Turn   | Place    | Note
-------+----------+-------------------------------------------
     0 | D:1      | bande the Gargoyle Fighter began the quest for the Orb.
     0 | D:1      | Reached XP level 1. HP: 14/14 MP: 1/1
   306 | D:1      | Reached XP level 2. HP: 12/19 MP: 2/2
   852 | D:2      | Found a sparkling altar of Nemelex Xobeh.
   933 | D:2      | Reached XP level 3. HP: 23/23 MP: 3/3
   943 | D:2      | Found a faded altar of an unknown god.
  1097 | D:2      | Reached XP level 4. HP: 29/29 MP: 4/4
  2013 | D:3      | Found a burning altar of Makhleb.
  2064 | D:3      | Noticed Terence
  2082 | D:3      | Noticed Purgy
  2093 | D:3      | Killed Purgy
  2094 | D:3      | Reached XP level 5. HP: 20/33 MP: 5/5
  2347 | D:3      | Killed Terence
  2450 | D:3      | Noticed Grinder
  2454 | D:3      | Paralysed by Grinder for 4 turns
  2462 | D:3      | Paralysed by Grinder for 5 turns
  2482 | D:3      | Killed Grinder
  2483 | D:3      | Reached XP level 6. HP: 18/38 MP: 6/6
  2982 | D:3      | Reached skill level 5 in Axes
  2982 | D:3      | Reached XP level 7. HP: 20/44 MP: 7/7
  3440 | D:4      | Identified the +2 ring mail of Bifa {Will- Str+4 Dex+3}
  4089 | D:4      | Reached skill level 5 in Armour
  4126 | D:4      | Slain by an ogre

Illustrated notes

Levels and vault maps discovered:
D:1:      dpeg_arrival_simpleton_b, layout_basic
D:2:      layout_basic, basic_altar, hellmonk_ecumenical_altar_lost_god,
          minmay_split_cup_small
D:3:      cheibrodos_pilgrimage, layout_loops_cross, bloody_makhleb,
          uniq_grinder, uniq_terence, uniq_purgy
D:4:      layout_basic, minmay_close_crescents

Skill      XL: |  1  2  3  4  5  6  7 |
---------------+----------------------+-----
Axes           | 2 3 4 5 |  5.4
Fighting       | 4 |  4.5
Armour         | 4 5 |  5.0
Shields        | 4 |  4.3

Action                   |  1- 3 |  4- 6 |  7- 9 || total
-------------------------+-------+-------+-------++-------
Melee: War axe           |    56 |    61 |    54 ||   171
  Use: Scroll            |     2 |     4 |       ||     6
       Potion            |       |     3 |       ||     3
Armor: Scale mail        |     6 |       |       ||     6
       Chain mail        |    18 |    46 |    26 ||    90
Dodge: Dodged            |    26 |    26 |    12 ||    64
Block: Buckler           |    12 |    19 |     4 ||    35

Table legend: (Time is in decaauts)
 A = Elapsed time spent in this place.
 B = Non-inter-level travel time spent in this place.
 C = Inter-level travel time spent in this place.
 D = Time resting spent in this place.
 E = Time spent auto-exploring this place.
 F = Levels seen in this place.
 G = Mean time per level.
                   A        B        C        D        E       F      G
               +--------+--------+--------+--------+--------+-----+--------+
         Total |   4181 |   4181 |      0 |    827 |   2700 |   4 | 1045.2 |
       Dungeon |   4181 |   4181 |      0 |    827 |   2700 |   4 | 1045.2 |
               +--------+--------+--------+--------+--------+-----+--------+

Top non-repeatable levels by time:
     D:3: 1328 daAuts
     D:2: 1190 daAuts
     D:1: 840 daAuts
     D:4: 822 daAuts
